 Dungeon Crawl Stone Soup version 0.29-a0-275-g389c0b56f3 (webtiles) character file.

Game seed: 14074427068871640195

168 siradein the Bolt Thrower (level 5, 0/32 HPs)
             Began as a Kobold Hunter on Mar 10, 2022.
             Slain by an orc wizard
             ... wielding a +0 dagger
              (2 damage)
             ... on level 3 of the Dungeon.
             The game lasted 00:08:15 (3276 turns).

siradein the Bolt Thrower (Kobold Hunter)           Turns: 3276, Time: 00:08:16

Health: 0/32       AC:  5    Str: 10    XL:     5   Next: 77%
Magic:  5/5        EV: 16    Int: 12    God:
Gold:   155        SH:  0    Dex: 17    Spells: 4/4 levels left

rFire   . . .      SeeInvis .   a - +1 hand crossbow
rCold   . . .      Faith    .   (no shield)
rNeg    . . .      Spirit   .   h - +2 animal skin
rPois   .          Reflect  .   i - +0 helmet
rElec   .          Harm     .   (no cloak)
rCorr   .          Rampage  .   (no gloves)
Will    .....                   (no boots)
Stlth   ++++......              (no amulet)
HPRegen 0.10/turn               (no ring)
MPRegen 0.09/turn               (no ring)

@: no status effects
A: small, no large weapons, nightstalker 3
a: no special abilities


You were on level 3 of the Dungeon.
You visited 1 branch of the dungeon, and saw 3 of its levels.

You collected 155 gold pieces.

Inventory:

Hand Weapons
 a - a +1 hand crossbow (weapon)
Armour
 h - a +2 animal skin (worn)
 i - a +0 helmet (worn)
Scrolls
 b - a scroll of teleportation {unknown}
 c - a scroll of immolation
 e - a scroll of vulnerability {unknown}
 f - a scroll of enchant weapon {unknown}
 m - a scroll of brand weapon {unknown}
Potions
 d - a potion of magic {unknown}
 g - 2 potions of flight {unknown}
 j - 2 potions of curing {unknown}
 k - a potion of lignification {unknown}


   Skills:
 + Level 3.5 Fighting
 + Level 6.3 Crossbows
 + Level 3.9 Dodging
 + Level 3.8 Stealth


You had 4 spell levels left.
You didn't know any spells.
Your spell library contained the following spells:

 Spells                   Type           Power      Damage    Failure   Level
 Corpse Rot               Necr/Air       0%         N/A       45%         2
 Sublimation of Blood     Necr           0%         N/A       45%         2
 Wereblood                Tmut           0%         N/A       45%         2
 Dispel Undead            Necr           0%         3d6       97%         4
 Death Channel            Necr           0%         N/A       100%        6
 Summon Hydra             Summ           0%         N/A       100%        7


Dungeon Overview and Level Annotations

Branches:
Dungeon (3/15)

Altars:

Annotations:
D:2 Sigmund


Innate Abilities, Weirdness & Mutations

You are small and have problems with some larger weapons.
You are completely attuned to the shadows.


Message History

* * * LOW HITPOINT WARNING * * *
You see here a +0 robe.
Found 10 gold pieces.
You see here 10 gold pieces.
The orc wizard gestures at you while chanting.
The puff of flame misses you.
There is an open door here.
You see here a poisoned dart.
The orc wizard gestures at you while chanting.
The magic dart hits you.
* * * LOW HITPOINT WARNING * * *
There is an open door, spattered with blood here.
Things that are here:
a +0 club; an orc corpse Throw: 2 darts (poison)
Press: ? - help, Q - select action, (/) - cycle Shift-Dir - straight line, f/p - orc wizard
Aim: an orc wizard, wielding a +0 dagger and wearing a +0 robe (heavily wounded, 53% to hit)
You throw a poisoned dart. The poisoned dart hits the orc wizard.
The orc wizard is heavily wounded.
The orc wizard gestures at you while chanting.
The puff of flame hits you.
* * * LOW HITPOINT WARNING * * *
Throw: dart (poison)
Press: ? - help, Q - select action, (/) - cycle Shift-Dir - straight line, f/p - orc wizard
Aim: an orc wizard, wielding a +0 dagger and wearing a +0 robe (heavily wounded, 53% to hit)
You throw a poisoned dart.
The poisoned dart barely misses the orc wizard.
Unknown command.
Unknown command.
Unknown command.
Shoot: a) +1 hand crossbow
Press: ? - help, Q - select action Shift-Dir - straight line, f/p - orc wizard
Aim: an orc wizard, wielding a +0 dagger and wearing a +0 robe (heavily wounded, 60% to hit)
You shoot a bolt. The bolt closely misses the orc wizard.
Shoot: a) +1 hand crossbow
Press: ? - help, Q - select action Shift-Dir - straight line, f/p - orc wizard
Aim: an orc wizard, wielding a +0 dagger and wearing a +0 robe (heavily wounded, 60% to hit)
You shoot a bolt. The bolt barely misses the orc wizard.
The orc wizard hits you with a +0 dagger.
You die...

#.# #.# #.#
#.# #.#
#####
#.####
####...#
#.....
#....#.#
##..###
#.##...#
##.@.##
#.###.##
#..o..# #.#
#.# ##...##
#.#
#.######(.#
###.#
#.......(.#
##.#.#
########.##
##.#..##
##)##
#.###..##
##...## ##
...#....#
##.(...##
...


You could see an orc wizard.

Vanquished Creatures
  Terence (D:2)
  An orc wizard (D:3)
  Robin (D:2)
  4 adders
  2 worms (D:2)
  A dart slug (D:3)
  5 orcs (D:3)
  3 ball pythons
  3 endoplasms
  3 giant cockroaches
  15 goblins
  8 hobgoblins
  2 jackals (D:3)
  2 bats (D:1)
  2 frilled lizards
  4 kobolds
  5 rats
62 creatures vanquished.

Notes
Turn   | Place    | Note
-------+----------+-------------------------------------------
     0 | D:1      | siradein the Kobold Hunter began the quest for the Orb.
     0 | D:1      | Reached XP level 1. HP: 12/12 MP: 1/1
   127 | D:1      | Reached XP level 2. HP: 18/18 MP: 2/2
   133 | D:1      | You fall into a shaft and drop 1 floor!
   783 | D:2      | Noticed Sigmund
   877 | D:2      | Reached XP level 3. HP: 22/22 MP: 3/3
   934 | D:2      | Noticed Terence
   952 | D:2      | Killed Terence
   953 | D:2      | Reached XP level 4. HP: 23/28 MP: 4/4
  1011 | D:2      | Noticed Robin
  1025 | D:2      | Killed Robin
  1160 | D:2      | Reached skill level 6 in Crossbows
  1454 | D:2      | Found a faded altar of an unknown god.
  1582 | D:2      | Reached XP level 5. HP: 32/32 MP: 5/5
  3276 | D:3      | Slain by an orc wizard

Illustrated notes

Levels and vault maps discovered:
D:1:      minmay_arrival_semitransparent, layout_basic, minmay_misc_feat_tower,
          hex_large
D:2:      layout_loops_cross, chequers_ecumenical_altar_simple, uniq_sigmund,
          uniq_terence, uniq_robin
D:3:      layout_loops_corners

Skill      XL: |  1  2  3  4 |
---------------+-------------+-----
Stealth        | 2 3 |  3.8
Dodging        | 3 |  3.9
Fighting       | 3 |  3.5
Crossbows      | 6 |  6.3

Action                   |  1- 3 |  4- 6 || total
-------------------------+-------+-------++-------
Melee: Hand crossbow     |       |     1 ||     1
 Fire: Hand crossbow     |    65 |   122 ||   187
Throw: Dart              |       |     4 ||     4
Armor: Leather armour    |     3 |     2 ||     5
       Animal skin       |       |    12 ||    12
Dodge: Dodged            |    19 |    63 ||    82

Table legend: (Time is in decaauts)
 A = Elapsed time spent in this place.
 B = Non-inter-level travel time spent in this place.
 C = Inter-level travel time spent in this place.
 D = Time resting spent in this place.
 E = Time spent auto-exploring this place.
 F = Levels seen in this place.
 G = Mean time per level.
                   A        B        C        D        E       F      G
               +--------+--------+--------+--------+--------+-----+--------+
         Total |   3319 |   3285 |     34 |    269 |   2317 |   3 | 1106.3 |
       Dungeon |   3319 |   3285 |     34 |    269 |   2317 |   3 | 1106.3 |
               +--------+--------+--------+--------+--------+-----+--------+

Top non-repeatable levels by time:
     D:3: 1289 daAuts
     D:2: 1280 daAuts
     D:1: 750 daAuts
